cohdb
Replays
Latest Replays
All Replays
Popular Replays
Top Player Replays
Match Explorer
How It Works
Community
CoH3 Stats
Reddit
Sign in to upload your games and track your stats! →
Sign in with Steam
Match 41643502
Unlisted
Match 41643502
Overview
Messages
Build Orders
End
Construct Barracks
Selects Heavy Weapons
Riflemen Squad
M1 Mortar Team
Riflemen Squad
Construct Weapon Support Center
Selects M2HB .50cal Heavy Machine Gun
M1919 Machine Gun Team
Mechanized Support Center
Grenade Package
Construct Medical Station
M3 Armored Personnel Carrier
Selects Assault Carriers
Engineer Squad
Construct Motor Pool
Bazooka Squad
Selects Exchangeable Parts
M24 Chaffee Light Tank
Sabom
quangdung.tr0809
Yoddha
Sparkle
Mo-J
Wheeler
0
0
Comments
sign in to comment!
No comments posted yet!